Map: Blackpink LE

Players

DnS

  • Race: Protoss Protoss
  • League: Grandmaster
  • Spawn Location: 1:00

SortOf - Winner!

  • Race: Zerg Zerg
  • League: Master
  • Spawn Location: 7:00

VOD

Have the link to the VOD?

Description

Time

  • Played on: Dec. 3, 2017, 10:22 a.m.
  • Length: 19:21
Show
View Real Time Build Order
Export as new Build Order

DnS Protoss 

Build Orders: 1 Gate Expand, Oracle Opening, Phoenix Opening 

Get SALT Encoding   

  12  0:00  Probe  
  13  0:12  Probe  
  14  0:20  Pylon  
  14  0:24  Probe  
  15  0:38  Probe (Chrono Boost)  
  15  0:41  Gateway  
  16  0:48  Probe (Chrono Boost)  
  16  0:49  Assimilator  
  17  0:52  Probe  
  18  1:04  Probe  
  19  1:16  Probe  
  20  1:24  Nexus  
  20  1:32  Cybernetics Core  
  20  1:35  Probe  
  21  1:43  Assimilator  
  21  1:47  Probe  
  21  1:50  Pylon  
  22  1:59  Probe  
  23  2:08  Adept (Chrono Boost)  
  23  2:11  Probe  
  26  2:22  Stargate  
  26  2:23  Probe  
  26  2:26  Adept (Chrono Boost)  
  29  2:36  Probe (Chrono Boost)  
  31  2:39  Warp Gate  
  32  2:46  Probe (Chrono Boost), Adept  
  32  2:47  Probe (Chrono Boost)  
  32  2:48  Probe  
  32  2:50  Probe  
  36  3:00  Probe  
  36  3:03  Probe  
  36  3:04  Pylon  
  38  3:12  Probe  
  42  3:14  Oracle (Chrono Boost)  
  42  3:18  Probe  
  41  3:25  Adept  
  41  3:26  Probe  
  42  3:31  Gateway x2  
  42  3:34  Probe  
  43  3:38  Probe  
  43  3:41  Phoenix (Chrono Boost)  
  44  3:46  Probe  
  47  3:49  Pylon  
  47  3:50  Probe  
  47  3:55  Adept  
  50  3:58  Probe  
  50  4:01  Twilight Council  
  50  4:02  Probe  
  52  4:07  Assimilator  
  52  4:10  Probe  
  52  4:14  Probe  
  52  4:16  Pylon  
  54  4:22  Probe  
  55  4:26  Probe  
  56  4:31  Pylon  
  56  4:34  Probe  
  56  4:36  Resonating Glaives (Chrono Boost)  
  57  4:42  Adept  
  57  4:43  Adept x2  
  63  4:46  Probe  
  63  4:47  Probe  
  63  4:49  Pylon  
  65  4:56  Nexus  
  65  4:59  Probe  
  66  5:01  Probe  
  66  5:04  Assimilator  
  67  5:07  Adept x3  
  67  5:10  Pylon  
  67  5:11  Probe  
  74  5:15  Probe  
  75  5:28  Adept x3  
  81  5:29  Probe x2  
  81  5:30  Robotics Facility  
  83  5:37  Shield Battery  
  83  5:41  Pylon, Probe  
  84  5:45  Probe  
  84  5:48  Sentry x2, Forge  
  84  5:49  Sentry  
  91  5:55  Probe  
  92  5:57  Probe  
  93  6:07  Probe  
  93  6:09  Probe  
  93  6:10  Probe  
  96  6:15  Assimilator x2  
  92  6:19  Probe  
  92  6:20  Robotics Bay  
  92  6:22  Robotics Facility, Probe x2  
  84  6:36  Probe x2  
  84  6:37  Probe  
  89  6:40  Warp Prism (Chrono Boost)  
  89  6:42  Stalker x3  
  89  6:43  Protoss Ground Weapons Level 1 (Chrono Boost)  
  89  6:46  Charge  
  89  6:48  Probe x2  
  89  6:58  Probe  
  89  7:00  Probe  
  87  7:02  Gateway x2  
  87  7:05  Gateway  
  87  7:06  Zealot  
  89  7:10  Colossus (Chrono Boost)  
  89  7:15  Colossus (Chrono Boost)  
  101  7:23  Extended Thermal Lance  
  101  7:28  Adept  
  101  7:29  Adept  
  105  7:32  Stalker  
  107  7:38  Gateway  
  107  7:39  Gateway  
  107  7:42  Pylon  
  107  7:45  Pylon  
  113  8:00  Templar Archives  
  113  8:04  Colossus (Chrono Boost)  
  113  8:08  Colossus, Zealot x2  
  113  8:11  Zealot  
  125  8:15  Protoss Ground Weapons Level 2 (Chrono Boost), Nexus  
  125  8:16  Pylon  
  125  8:25  Pylon  
  121  8:36  Zealot x6  
  121  8:39  Photon Cannon  
  121  8:40  Gateway x2  
  133  8:47  Blink (Chrono Boost)  
  133  8:49  Immortal  
  133  8:53  Stalker  
  133  8:54  Stalker  
  141  9:03  Stalker x2  
  141  9:08  Stalker  
  147  9:25  Pylon  
  147  9:26  Pylon  
  147  9:27  Pylon  
  147  9:36  High Templar  
  147  9:37  High Templar x4  
  147  9:38  Warp Prism (Chrono Boost), High Templar  
  159  9:41  Archon x2  
  159  9:45  Gateway  
  161  9:46  Gateway  
  161  9:48  Gateway  
  161  9:50  Archon  
  161  9:54  Probe x3  
  162  10:03  Stalker x4  
  162  10:06  Photon Cannon  
  170  10:08  Shield Battery  
  170  10:09  Photon Cannon  
  170  10:11  Assimilator  
  170  10:12  Assimilator  
  170  10:23  Observer  
  171  10:28  High Templar x2  
  171  10:29  High Templar  
  171  10:30  High Templar  
  171  10:32  Pylon  
  171  10:33  Archon x2  
  171  10:34  Pylon  
  171  10:35  Pylon  
  179  10:40  Stalker  
  179  10:41  Stalker x3  
  187  10:43  Pylon  
  187  10:54  Protoss Ground Weapons Level 3 (Chrono Boost)  
  187  10:58  Probe x3  
  187  10:59  Probe  
  187  11:03  Stalker x2  
  187  11:04  Stalker x5  
  190  11:10  Probe  
  195  11:36  Zealot x10  
  195  11:39  Stalker  
  160  11:40  Stalker x2  
  116  11:48  Immortal (Chrono Boost)  
  116  11:49  Immortal (Chrono Boost)  
  106  12:00  High Templar x4  
  106  12:01  High Templar x2  
  114  12:08  Archon x3  
  116  12:09  Zealot x5  
  116  12:10  Zealot  
  116  12:27  Colossus x2 (Chrono Boost)  
  128  12:33  Zealot, High Templar x2  
  128  12:34  Zealot x7  
  148  12:39  Archon  
  148  12:51  Stalker  
  147  12:58  Stalker  
  147  12:59  Stalker x6  
  161  13:13  Nexus  
  147  13:30  Colossus x2 (Chrono Boost)  
  155  13:46  High Templar x4  
  160  13:50  Archon  
  160  13:51  Archon, Zealot x2  
  160  13:53  Zealot x3  
  153  14:10  High Templar x2  
  153  14:14  Archon  
  157  14:20  Probe x2 (Chrono Boost)  
  157  14:23  Zealot x3  
  166  14:27  High Templar x2  
  166  14:30  Probe x3 (Chrono Boost)  
  166  14:31  Archon  
  172  14:32  Warp Prism (Chrono Boost), Probe  
  175  14:41  Probe x2  
  175  14:43  High Templar  
  175  14:44  High Templar  
  175  14:45  Zealot  
  183  14:47  Archon  
  183  14:57  Zealot  
  183  14:58  Zealot x4  
  163  15:07  Zealot x2  
  159  15:17  High Templar, Zealot  
  159  15:18  High Templar  
  159  15:19  Probe x2 (Chrono Boost)  
  159  15:20  Probe x2 (Chrono Boost)  
  163  15:21  Archon  
  163  15:25  Observer  
  162  15:31  Probe x2 (Chrono Boost)  
  162  15:32  Probe x2 (Chrono Boost)  
  115  15:47  High Templar x4  
  121  15:51  Archon x2  
  111  15:57  Stalker  
  111  15:58  Stalker x4  
  111  16:04  Stalker  
  121  16:20  Probe x4  
  125  16:32  Stalker x6  
  137  16:37  High Templar x2  
  141  16:41  Archon  
  141  16:47  Stalker x2  
  143  16:57  Stalker x2  
  146  17:02  Zealot  
  145  17:17  Stalker x2  
  145  17:20  Zealot  
  92  17:47  Zealot x5  
  92  17:48  Stalker x2  
  96  17:54  Stalker  
  85  18:12  High Templar x6  
  95  18:16  Archon x3  
  95  18:18  Stalker  
  99  18:23  Stalker  
  101  18:27  Zealot  
  101  18:33  Stalker  
  105  18:44  Stalker x2  
  103  19:01  Zealot x5  
Show
View Real Time Build Order
Export as new Build Order

SortOf Zerg - Winner!

Build Orders: Hatch First, Brood Lord Corruptor 

Get SALT Encoding   

  12  0:00  Drone  
  13  0:13  Overlord  
  13  0:17  Drone  
  14  0:31  Drone x2  
  16  0:49  Hatchery  
  15  0:51  Drone  
  15  0:55  Drone  
  17  0:59  Drone  
  18  1:09  Extractor  
  17  1:14  Spawning Pool  
  17  1:17  Drone  
  17  1:20  Drone  
  18  1:29  Drone  
  19  1:40  Drone  
  20  1:49  Overlord  
  20  2:00  Queen  
  22  2:01  Zergling x2  
  22  2:02  Zergling x2, Queen  
  26  2:11  Drone x2  
  28  2:16  Metabolic Boost  
  28  2:22  Drone x2  
  30  2:33  Drone x2  
  32  2:45  Hatchery  
  31  2:54  Zergling x2  
  31  2:55  Zergling x2  
  31  2:56  Pneumatized Carapace  
  32  3:00  Overlord  
  32  3:02  Drone  
  33  3:07  Drone x2  
  35  3:19  Drone x3  
  37  3:20  Drone x2  
  37  3:23  Drone  
  39  3:33  Drone  
  39  3:34  Spore Crawler  
  39  3:39  Queen x2  
  43  3:42  Spore Crawler  
  43  3:44  Drone  
  43  3:55  Overlord x2  
  43  3:57  Zergling x4  
  43  3:59  Drone x2  
  47  4:05  Drone x2  
  47  4:08  Overlord  
  47  4:09  Overlord  
  49  4:14  Evolution Chamber  
  49  4:16  Baneling Nest  
  47  4:21  Drone x5  
  51  4:30  Drone x3  
  54  4:37  Drone x2  
  56  4:42  Drone  
  56  4:44  Queen  
  58  4:46  Zerg Melee Weapons Level 1  
  58  4:48  Drone x2  
  58  4:51  Spore Crawler  
  59  4:55  Drone x2  
  59  4:56  Drone  
  59  4:57  Drone x3  
  59  4:59  Drone x3  
  67  5:00  Drone  
  67  5:05  Lair  
  67  5:06  Extractor x2  
  66  5:10  Overlord x2  
  66  5:15  Overlord  
  66  5:21  Extractor  
  65  5:24  Overlord  
  65  5:27  Overlord x2  
  65  5:28  Queen  
  67  5:29  Zergling x2  
  67  5:30  Zergling x6  
  67  5:35  Baneling x2  
  71  5:39  Zergling x2  
  71  5:40  Zergling x12  
  78  5:44  Drone x2  
  78  5:47  Drone  
  81  5:54  Baneling x3  
  81  5:56  Zergling x10  
  86  6:03  Zergling x2  
  85  6:09  Baneling  
  85  6:10  Baneling  
  82  6:14  Hydralisk Den  
  82  6:15  Zergling x18  
  85  6:20  Zergling x2, Evolution Chamber  
  78  6:39  Drone x3  
  74  6:40  Drone  
  74  6:46  Drone x4  
  74  6:47  Drone x4  
  78  6:49  Drone x2  
  78  6:54  Muscular Augments, Extractor x2  
  76  6:58  Hatchery, Drone  
  74  7:03  Drone  
  74  7:04  Drone  
  76  7:09  Zerg Melee Weapons Level 2, Centrifical Hooks  
  76  7:13  Drone x3  
  79  7:22  Hydralisk x2  
  79  7:23  Hydralisk x3  
  79  7:26  Hatchery, Drone x2  
  90  7:32  Hydralisk x2  
  90  7:36  Overlord  
  94  7:45  Hydralisk x4  
  94  7:47  Baneling  
  94  7:48  Overlord  
  102  7:56  Overlord  
  102  7:57  Overlord  
  100  7:59  Drone x7  
  100  8:01  Baneling  
  100  8:02  Baneling x2  
  100  8:03  Drone  
  108  8:08  Hydralisk x2  
  108  8:09  Hydralisk  
  114  8:30  Drone x2  
  114  8:32  Drone x4  
  114  8:33  Drone x2  
  122  8:38  Overlord  
  122  8:39  Zergling x12  
  128  8:45  Hydralisk x4  
  128  8:46  Spire, Zergling x6  
  138  8:49  Zergling x2  
  138  8:50  Zergling x4, Extractor  
  138  8:53  Overlord  
  141  8:55  Zergling x2  
  141  8:56  Zergling x4  
  141  8:57  Overlord  
  141  9:12  Zergling x2  
  141  9:13  Zergling x16  
  141  9:15  Overlord  
  150  9:19  Baneling x12  
  150  9:24  Infestation Pit  
  149  9:25  Hydralisk x4  
  149  9:29  Overlord  
  157  9:32  Overlord  
  157  9:36  Overseer  
  157  9:44  Hatchery  
  155  9:47  Hydralisk x3  
  155  9:48  Zergling x8  
  155  9:49  Zergling x12  
  170  9:53  Drone  
  170  9:54  Baneling x2  
  170  9:55  Baneling x2  
  170  9:57  Drone  
  170  10:01  Corruptor x3  
  170  10:02  Overlord  
  176  10:13  Overlord  
  176  10:14  Corruptor x2, Hive  
  180  10:26  Baneling x16  
  180  10:27  Zergling x4  
  180  10:28  Overlord  
  182  10:34  Overlord  
  181  10:37  Zergling x4  
  181  10:41  Corruptor x3  
  189  10:49  Corruptor  
  186  10:50  Corruptor  
  186  10:51  Overlord  
  186  10:52  Zergling x6  
  186  10:53  Zergling x2  
  186  10:54  Overlord  
  194  10:58  Overlord  
  194  10:59  Baneling  
  194  11:00  Baneling x6  
  194  11:01  Corruptor  
  195  11:08  Extractor  
  195  11:09  Zergling x4  
  195  11:10  Zergling x6  
  199  11:12  Baneling x5  
  199  11:13  Baneling x4  
  198  11:27  Zergling x4  
  162  11:40  Zergling x28  
  162  11:41  Zergling x24  
  162  11:49  Zergling x2  
  151  11:55  Adrenal Glands, Greater Spire  
  151  11:56  Zerg Melee Weapons Level 3  
  151  11:58  Pathogen Glands  
  151  11:59  Evolution Chamber  
  150  12:07  Hatchery  
  149  12:08  Baneling x2  
  149  12:09  Baneling x11  
  144  12:22  Hydralisk x4  
  135  12:23  Hydralisk x2  
  147  12:31  Overlord  
  147  12:32  Drone x4  
  147  12:33  Drone x2  
  147  12:34  Drone x3  
  156  12:50  Hydralisk  
  156  12:51  Hydralisk x7  
  157  12:58  Zergling x22  
  180  13:00  Extractor  
  180  13:02  Corruptor x2  
  173  13:13  Overseer x2  
  173  13:17  Corruptor x2  
  173  13:23  Zergling x18  
  173  13:26  Drone x3  
  181  13:33  Spore Crawler  
  180  13:34  Spine Crawler  
  179  13:47  Zerg Flyer Weapons Level 1  
  179  13:48  Zerg Ground Armor Level 1  
  176  13:51  Corruptor x2  
  180  14:01  Brood Lord  
  177  14:05  Zergling x24  
  177  14:06  Zergling x4  
  183  14:13  Extractor  
  182  14:19  Brood Lord x2  
  186  14:30  Neural Parasite  
  186  14:33  Zerg Missile Weapons Level 1  
  186  14:36  Brood Lord x2  
  186  14:37  Extractor  
  189  14:39  Hatchery  
  186  14:48  Zergling x6  
  186  14:51  Baneling x10  
  181  14:53  Brood Lord  
  181  14:59  Zergling x6  
  170  15:04  Brood Lord x2  
  169  15:09  Zergling x32  
  169  15:13  Brood Lord  
  185  15:16  Baneling  
  185  15:17  Baneling x4  
  185  15:20  Zergling x2  
  185  15:21  Zergling x10, Drone x2  
  190  15:22  Drone  
  191  15:29  Baneling x6  
  139  15:43  Hydralisk x7  
  153  15:59  Drone  
  153  16:00  Drone x5  
  159  16:06  Drone  
  159  16:07  Drone x2  
  159  16:08  Infestor  
  159  16:09  Hatchery  
  163  16:11  Infestor  
  164  16:26  Infestor x4  
  165  16:33  Baneling x6  
  165  16:43  Zergling x18  
  174  16:52  Baneling x4  
  174  16:53  Baneling x7  
  173  16:59  Zergling x4  
  173  17:00  Zergling x8  
  177  17:03  Zergling x6  
  179  17:10  Corruptor  
  181  17:20  Corruptor x3  
  181  17:22  Baneling x4  
  187  17:23  Baneling x2  
  162  17:40  Hydralisk  
  162  17:41  Hydralisk x6  
  162  17:43  Zergling x4  
  162  17:44  Zergling x2  
  148  17:47  Zergling x6  
  148  17:48  Zergling x2  
  140  17:54  Zergling x2  
  140  17:55  Zergling x10  
  138  17:59  Brood Lord  
  138  18:05  Brood Lord  
  140  18:14  Brood Lord x2  
  140  18:15  Hydralisk x2  
  148  18:21  Extractor  
  148  18:24  Overlord  
  148  18:26  Infestor  
  149  18:30  Zergling x16  
  149  18:32  Baneling x3  
  153  18:45  Hydralisk  
  153  18:46  Hydralisk x2  
  158  18:48  Hydralisk  
  158  18:49  Zergling x10  
  158  18:50  Zergling x4  
  166  18:57  Baneling x4  
  166  19:02  Zergling x12  
  172  19:03  Zergling x2  
  172  19:04  Zergling x2  
Tags
 
Add a new tag
Caveats
  • Supply blocks, unpowered buildings, or Contaminate may cause inaccurate times.
  • Supply counts are checked every 10 seconds.